Map: Aura mortal EE

Players

Didac - Winner!

  • Race: Terran Terran
  • Spawn Location: 5:00

MrFercho

  • Race: Zerg Zerg
  • League: Gold
  • Spawn Location: 11:00

VOD

Have the link to the VOD?

Description

Time

  • Played on: Aug. 15, 2020, 11:58 p.m.
  • Length: 11:38
Show
View Real Time Build Order
Export as new Build Order

Didac Terran - Winner!

Build Orders: Gas First Reaper Expand, Hellion Opening 

Get SALT Encoding   

  12  0:02  SCV  
  13  0:14  SCV  
  13  0:17  Supply Depot  
  14  0:27  SCV  
  15  0:32  Refinery  
  15  0:39  SCV  
  16  0:45  Barracks  
  16  0:51  SCV  
  17  1:03  SCV  
  18  1:34  Reaper  
  18  1:37  Orbital Command  
  19  1:47  Command Center  
  19  2:02  Factory  
  19  2:05  SCV  
  20  2:10  Barracks Reactor  
  20  2:22  Supply Depot  
  20  2:23  SCV  
  20  2:28  Refinery  
  21  2:35  SCV  
  22  2:49  SCV  
  23  3:02  Barracks Tech Lab  
  23  3:05  SCV  
  23  3:12  Hellion x2  
  27  3:16  Orbital Command  
  27  3:18  Supply Depot  
  27  3:20  Stimpack  
  27  3:21  Marauder  
  29  3:30  SCV  
  29  3:33  Hellion x2  
  34  3:41  Orbital Command  
  34  3:49  Marauder  
  34  3:52  Supply Depot  
  34  3:54  SCV  
  34  3:55  Hellion x2  
  41  4:05  Starport  
  41  4:06  SCV x2  
  43  4:12  Marauder  
  45  4:18  SCV  
  45  4:19  SCV  
  47  4:30  SCV  
  47  4:31  SCV  
  49  4:34  Marauder  
  51  4:41  Factory Tech Lab  
  51  4:47  SCV x2  
  53  5:01  SCV x2  
  53  5:03  Medivac x2  
  53  5:06  Marauder  
  61  5:08  Combat Shield  
  61  5:16  Supply Depot  
  61  5:17  Supply Depot  
  61  5:18  Supply Depot  
  61  5:23  SCV  
  61  5:24  Supply Depot  
  62  5:35  Refinery  
  62  5:37  Medivac  
  62  5:38  SCV x2, Siege Tank  
  62  5:39  Command Center  
  69  5:43  Engineering Bay  
  69  5:45  Medivac  
  69  5:49  Marauder  
  73  5:50  SCV x2  
  73  5:54  Barracks  
  75  5:58  Barracks  
  75  6:02  SCV x2  
  77  6:07  Medivac  
  77  6:10  Marauder  
  81  6:14  SCV x2  
  83  6:26  SCV  
  83  6:29  SCV  
  83  6:32  Marauder  
  87  6:34  Refinery  
  87  6:35  Medivac  
  87  6:38  SCV  
  90  6:41  SCV  
  90  6:42  Siege Tank  
  90  6:46  Barracks Tech Lab  
  94  6:51  SCV  
  94  6:53  SCV, Marauder  
  98  6:55  Supply Depot  
  98  6:58  Supply Depot  
  98  6:59  Barracks Reactor  
  98  7:02  Orbital Command  
  98  7:03  SCV  
  98  7:05  SCV  
  100  7:09  Viking x2  
  100  7:14  Marauder  
  100  7:15  SCV  
  107  7:17  SCV  
  107  7:22  Marauder  
  110  7:24  Concussive Shells  
  110  7:27  SCV  
  110  7:29  SCV x2  
  113  7:34  Siege Tank  
  113  7:36  Infernal Pre-Igniter  
  116  7:39  SCV  
  116  7:40  Marine x2  
  116  7:41  SCV, Marauder  
  116  7:42  SCV, Marine  
  124  7:51  SCV  
  125  8:17  Terran Infantry Weapons Level 1  
  125  8:18  Supply Depot  
  125  8:19  Supply Depot x2  
  125  8:20  Supply Depot  
  125  8:24  SCV  
  125  8:25  Marauder  
  125  8:28  Orbital Command  
  125  8:31  Marine  
  125  8:40  SCV, Marauder, Marine  
  129  8:45  Marine  
  129  8:47  Medivac x2  
  134  8:49  Marine  
  134  8:51  Siege Tank  
  138  8:57  Marine  
  138  8:59  Armory  
  138  9:01  Marine  
  140  9:03  Marine  
  140  9:06  Marine  
  142  9:15  Marine  
  142  9:17  SCV x3  
  145  9:19  Marine  
  145  9:21  Marine  
  145  9:22  Missile Turret  
  148  9:24  Marine  
  148  9:27  Refinery  
  149  9:33  Marine  
  149  9:37  Marine  
  151  9:39  Marine, Siege Tank  
  151  9:43  Marine  
  156  9:51  Marine  
  157  9:53  Supply Depot, Refinery  
  157  9:54  Supply Depot  
  157  10:14  Marauder, Marine x3, Liberator  
  157  10:15  Liberator  
  157  10:16  Supply Depot  
  157  10:17  Supply Depot  
  157  10:20  Siege Tank  
  165  10:32  Marine x3  
  142  10:35  Marine  
  137  10:49  Marine x3  
  137  10:54  Marauder  
  142  11:07  Marine x3  
  145  11:14  Marine  
Show
View Real Time Build Order
Export as new Build Order

MrFercho Zerg 

Build Orders: Hatch First, Roach Hydra 

Get SALT Encoding   

  12  0:18  Drone  
  13  0:27  Overlord  
  13  0:28  Drone  
  14  0:47  Hatchery, Drone  
  14  0:51  Drone  
  15  1:05  Drone x2  
  17  1:12  Drone  
  18  1:19  Extractor  
  17  1:26  Spawning Pool, Drone  
  17  1:33  Drone  
  18  1:46  Drone  
  19  1:57  Overlord  
  19  1:58  Drone  
  20  2:05  Drone  
  21  2:09  Drone  
  22  2:17  Drone  
  23  2:27  Drone  
  24  2:30  Drone  
  24  2:31  Queen x2  
  24  2:32  Drone  
  30  2:39  Zergling x2  
  29  3:12  Lair  
  29  3:15  Drone x6  
  35  3:30  Overlord  
  35  3:31  Overlord  
  35  3:46  Roach Warren, Queen  
  36  3:50  Evolution Chamber  
  35  4:02  Drone x4  
  39  4:03  Spine Crawler, Drone x3  
  39  4:05  Spine Crawler  
  40  4:12  Extractor  
  40  4:14  Extractor  
  38  4:17  Zerg Missile Weapons Level 1  
  38  4:22  Queen  
  40  4:32  Glial Reconstitution  
  40  4:34  Roach x4  
  40  4:35  Overlord  
  40  4:36  Overlord  
  48  4:54  Drone x3  
  48  4:55  Drone x3  
  54  5:03  Roach x3  
  60  5:20  Roach x3  
  66  5:25  Drone x2  
  68  5:28  Overlord x2  
  68  5:29  Overlord  
  68  5:36  Hatchery  
  67  5:45  Drone  
  68  5:57  Ravager  
  69  6:12  Overseer  
  69  6:13  Drone  
  69  6:15  Drone  
  71  6:18  Overlord  
  71  6:19  Overlord  
  71  6:20  Hydralisk Den  
  70  6:48  Extractor  
  69  6:54  Drone x2  
  69  6:55  Drone x3  
  69  6:57  Drone  
  75  7:03  Evolution Chamber  
  75  7:04  Zerg Missile Weapons Level 2  
  74  7:19  Hatchery  
  73  7:40  Muscular Augments  
  73  7:42  Drone x9  
  73  7:43  Drone  
  83  7:45  Overlord x3  
  83  7:51  Zerg Ground Armor Level 1  
  83  8:12  Hydralisk x11  
  85  8:13  Hydralisk x4  
  85  8:14  Overlord  
  113  8:22  Overlord x2  
  113  8:45  Drone x7  
  120  8:51  Grooved Spines  
  120  8:56  Extractor  
  120  8:57  Extractor  
  120  9:00  Overlord x2  
  118  9:06  Pneumatized Carapace  
  118  9:12  Lurker Den  
  118  9:14  Infestation Pit  
  118  9:16  Spire  
  115  9:20  Hydralisk  
  115  9:21  Hydralisk x5  
  127  9:35  Drone x7  
  134  9:40  Hydralisk x4  
  134  9:41  Hydralisk  
  144  9:48  Metabolic Boost  
  144  9:54  Overlord  
  144  9:55  Overlord  
  144  10:04  Hive  
  144  10:18  Lurker x2  
  146  10:21  Lurker  
  101  10:42  Hydralisk x3  
  81  10:43  Hydralisk x4  
  91  10:52  Hydralisk  
  91  10:53  Hydralisk x2  
  91  10:54  Zergling x2  
  91  10:55  Zergling x22  
Tags
 
Add a new tag
Caveats
  • Supply blocks, unpowered buildings, or Contaminate may cause inaccurate times.
  • Supply counts are checked every 10 seconds.